 Dungeon Crawl Stone Soup version 0.19-a0-1170-g18f0c96 (webtiles) character file.

11973 jacquesderrida the Carver (level 11, 0/101 HPs)
             Began as a Minotaur Warper on Aug 17, 2016.
             Was a Believer of Ashenzari.
             Succumbed to Sonja's curare-tipped needle
             ... on level 1 of the Lair of Beasts.
             The game lasted 00:36:39 (5068 turns).

jacquesderrida the Carver (Minotaur Warper)         Turns: 5068, Time: 00:36:40

Health: 0/101      AC: 14    Str: 16    XL:     11   Next: 56%
Magic:  14/14      EV: 13    Int: 11    God:    Ashenzari [**....]
Gold:   304        SH:  0    Dex: 12    Spells: 3 memorised, 10 levels left

rFire  + + +     SeeInvis .     c - book of Spatial Translocations
rCold  x . .     Gourm    .     I - +0 fire dragon armour
rNeg   + . .     Faith    .     (no shield)
rPois  .         Spirit   .     (helmet restricted)
rElec  .         Dismiss  .     (no cloak)
rCorr  .         Reflect  .     (no gloves)
MR     .....     Harm     .     b - +0 pair of boots
Stlth  ..........               k - amulet of regeneration (curse)
                                (no ring)
                                l - ring of positive energy

@: lethally poisoned (0 -> -1), flying, slowed, very slow
A: retaliatory headbutt, horns 2, yellow scales 1, fire resistance 1
a: Curse Item, Scrying, Renounce Religion


You were on level 1 of the Lair of Beasts.
You worshipped Ashenzari.
Ashenzari was pleased with you.
You were hungry.

You visited 3 branches of the dungeon, and saw 15 of its levels.
You also visited: Ossuary.

You collected 304 gold pieces.

Inventory:

Hand Weapons
 a - a +0 scimitar
Missiles
 e - 4 tomahawks of dispersal (quivered)
 h - 3 throwing nets
 o - 6 javelins
Armour
 b - a +0 pair of boots (worn)
 m - a +1 ring mail
 y - a +2 leather armour of cold resistance
 I - a +0 fire dragon armour (worn)
Jewellery
 k - a cursed amulet of regeneration (around neck)
 l - a ring of positive energy (left hand)
Wands
 n - a wand of lightning (1/15)
 r - a wand of iceblast (0/15)
 J - a wand of teleportation (4/9)
Scrolls
 d - a scroll of blinking
 i - 2 scrolls of remove curse
 s - 3 scrolls of immolation
 t - a scroll of fog
Potions
 u - a potion of brilliance
 D - a potion of haste
Books
 c - a book of Spatial Translocations (in hand)

   Spells                             Type                      Level
   a - Apportation                    Translocation                1
   b - Blink                          Translocation                2
   c - Shroud of Golubria             Charms/Translocation         2
   d - Portal Projectile              Translocation                3
   e - Teleport Other                 Translocation                3
   f - Passage of Golubria            Translocation                4
 p - a book of Burglary

   Spells                             Type                      Level
   a - Swiftness                      Charms/Air                   2
   b - Passwall                       Transmutation/Earth          2
   c - Passage of Golubria            Translocation                4
   d - Lee's Rapid Deconstruction     Earth                        5
   e - Darkness                       Hexes                        6
   f - Invisibility                   Hexes                        6
 z - a book of Necromancy

   Spells                             Type                      Level
   a - Pain                           Necromancy                   1
   b - Animate Skeleton               Necromancy                   1
   c - Vampiric Draining              Necromancy                   3
   d - Regeneration                   Charms/Necromancy            3
   e - Animate Dead                   Necromancy                   4
   f - Control Undead                 Necromancy                   4
Comestibles
 f - 3 bread rations
 j - 5 chunks of flesh
 B - a royal jelly
 E - 2 meat rations


   Skills:
 - Level 10.4 Fighting
 + Level 12.9 Long Blades
 - Level 1.1 Throwing
 + Level 8.1 Armour
 + Level 9.3 Dodging
 + Level 3.2 Spellcasting
 + Level 3.2 Necromancy
 - Level 2.2 Translocations


You had 10 spell levels left.
You knew the following spells:

 Your Spells              Type           Power        Failure   Level  Hunger
a - Apportation           Tloc           #.........   38%         1    #......
b - Blink                 Tloc           N/A          63%         2    ###....
r - Regeneration          Chrm/Necr      #.........   99%         3    ###....


Dungeon Overview and Level Annotations

Branches:
Dungeon (12/15)            Temple (1/1) D:7            Lair (2/6) D:10
  Swamp: Lair:2-4    Shoals: Lair:2-4     Snake: Lair:2-4    Spider: Lair:2-4
    Orc: D:9-12

Altars:
Ashenzari
Cheibriados
Gozag
Kikubaaqudgha
Makhleb
Okawaru
Pakellas
Qazlal
Vehumet
Yredelemnul
Zin

Shops:
D:7 }   D:8 ?

Annotations:
D:8 Gastronok; crawlian's ghost, novice DEFE
D:11 Erolcha
Lair:1 Sonja


Innate Abilities, Weirdness & Mutations

You reflexively headbutt those who attack you in melee.
You have a pair of horns on your head.
You are partially covered in yellow scales. (AC +2)
Your flesh is heat resistant. (rF+)


Message History

* * * LOW HITPOINT WARNING * * *
You feel very sick.
Unknown command.
You swing at nothing.
* * * LOW HITPOINT WARNING * * *
You feel very sick.
You swing at nothing.
* * * LOW HITPOINT WARNING * * *
You feel very sick.
You swing at nothing.
* * * LOW HITPOINT WARNING * * *
You feel very sick.
You swing at nothing.
* * * LOW HITPOINT WARNING * * *
You feel very sick.
You swing at nothing.
* * * LOW HITPOINT WARNING * * *
You feel sick.
You swing at nothing.
You die...

###.[..#...#+#..............#
#..†......................P
#..................######.#
#...>....####.###..# , ,*
######........# ### ##†#,,, *
..............## ####P.#,*, *
...............####..##........
..................†............
######P##.####.#@##P####.######*
###### ######## ##


There were no monsters in sight!

Vanquished Creatures
  A frost giant (D:10)
  Snorg (D:11)
  Harold (Lair:1)
  A hill giant (D:10)
  2 unseen horrors
  A deep elf mage (D:12)
  2 cyclopes (D:12)
  A manticore (D:10)
  2 spiny frogs (Lair:1)
  A gargoyle (D:10)
  A troll (D:10)
  A two-headed ogre (D:12)
  A wraith (D:12)
  A wyvern (D:9)
  3 yaks (Lair:1)
  2 hippogriffs
  A water moccasin (D:12)
  2 porcupines (Lair:1)
  An orc warrior (D:12)
  A sky beast (D:6)
  2 ice beasts
  A phantom (D:7)
  An ogre (D:9)
  4 centaurs
  A crocodile (Lair:1)
  3 big kobolds
  4 giant frogs
  2 scorpions
  5 killer bees (D:12)
  5 wights (D:10)
  6 howler monkeys
  4 crimson imps
  A centaur zombie (D:5)
  The ghost of crawlian the Firebug, a weakling DEFE (D:4)
  3 hounds
  2 jellies
  A quasit (D:9)
  A wasp zombie (D:6)
  2 human zombies (Ossuary)
  2 centaur skeletons
  An orc priest (D:12)
  3 orc wizards
  5 giant frog skeletons
  An iguana (D:8)
  3 worker ants
  4 sheep (D:12)
  A big kobold zombie (Ossuary)
  A hound zombie (D:10)
  A mummy (Ossuary)
  A howler monkey zombie (D:9)
  3 gnolls (D:4)
  12 adders
  11 river rats (Lair:1)
  4 shadow imps
  2 oozes
  6 adder zombies
  An adder skeleton (D:10)
  A worm (D:6)
  5 giant geckos
  20 orcs
  A giant cockroach (D:4)
  3 goblins
  A hobgoblin (D:1)
  6 jackals (D:7)
  A quokka (D:6)
  4 bats
  A giant gecko zombie (D:6)
  A giant newt (D:5)
  A goblin zombie (Ossuary)
  7 hobgoblin zombies (Ossuary)
  A jackal zombie (Ossuary)
  17 kobolds
  11 kobold zombies (Ossuary)
  7 orc zombies (Ossuary)
  4 rats
  A rat zombie (Ossuary)
231 creatures vanquished.

Vanquished Creatures (others)
  4 fungi (Lair:1)
  A plant (Lair:1)
5 creatures vanquished.

Grand Total: 236 creatures vanquished

Notes
Turn   | Place    | Note
-------+----------+-------------------------------------------
     0 | D:1      | jacquesderrida the Minotaur Warper began the quest for the Orb.
     0 | D:1      | Reached XP level 1. HP: 18/18 MP: 1/1
   112 | D:2      | Reached XP level 2. HP: 17/25 MP: 3/3
   131 | D:2      | Reached skill level 3 in Long Blades
   161 | D:2      | Reached skill level 4 in Long Blades
   161 | D:2      | Reached XP level 3. HP: 18/30 MP: 4/4
   163 | D:2      | Found an ancient bone altar of Kikubaaqudgha.
   205 | D:2      | Found an oddly glowing altar of Pakellas.
   358 | D:4      | Reached skill level 5 in Long Blades
   358 | D:4      | Reached XP level 4. HP: 9/37 MP: 5/5
   434 | D:4      | Noticed crawlian's ghost (weakling DEFE)
   447 | D:4      | Reached skill level 6 in Long Blades
   447 | D:4      | Reached XP level 5. HP: 23/42 MP: 6/6
   462 | D:4      | Killed crawlian's ghost
   486 | D:4      | Found a sand-covered staircase.
   491 | Ossuary  | Entered an ossuary
   710 | Ossuary  | Reached skill level 7 in Long Blades
   710 | Ossuary  | Reached XP level 6. HP: 17/51 MP: 7/7
   934 | D:5      | Entered Level 5 of the Dungeon
  1016 | D:5      | Reached XP level 7. HP: 35/59 MP: 8/8
  1331 | D:5      | Reached skill level 5 in Fighting
  1483 | D:6      | Reached skill level 8 in Long Blades
  1539 | D:6      | Reached skill level 5 in Armour
  1743 | D:7      | Reached XP level 8. HP: 65/69 MP: 9/9
  1756 | D:7      | Found an oddly glowing altar of Pakellas.
  1835 | D:7      | Found Poyhehos's Gadget Shoppe.
  1855 | D:7      | Found a staircase to the Ecumenical Temple.
  1899 | Temple   | Entered the Ecumenical Temple
  1913 | Temple   | Became a worshipper of Ashenzari the Shackled
  1969 | D:7      | Reached skill level 9 in Long Blades
  2049 | D:8      | Noticed crawlian's ghost (novice DEFE)
  2150 | D:8      | Noticed Gastronok
  2287 | D:8      | Found Ukke's Magic Scroll Shoppe.
  2373 | D:8      | Killed an unseen horror
  2373 | D:8      | Reached skill level 10 in Long Blades
  2373 | D:8      | Reached XP level 9. HP: 21/80 MP: 10/10
  2595 | D:9      | Reached * piety under Ashenzari
  2748 | D:9      | Reached skill level 5 in Dodging
  2813 | D:10     | Entered Level 10 of the Dungeon
  2878 | D:10     | Noticed a gargoyle
  2886 | D:10     | Killed a gargoyle
  3105 | D:10     | Noticed a hill giant
  3115 | D:10     | Killed a hill giant
  3115 | D:10     | Reached skill level 11 in Long Blades
  3135 | D:10     | Found a staircase to the Lair.
  3157 | Lair:1   | Entered Level 1 of the Lair of Beasts
  3158 | Lair:1   | Noticed a spiny frog
  3159 | Lair:1   | Noticed a spiny frog
  3189 | D:10     | Noticed a manticore
  3193 | D:10     | Noticed a frost giant
  3207 | D:10     | Killed a frost giant
  3207 | D:10     | Reached skill level 10 in Fighting
  3207 | D:10     | Reached XP level 10. HP: 31/93 MP: 11/11
  3210 | D:10     | Killed a manticore
  3275 | D:10     | Learned a level 2 spell: Blink
  3275 | D:10     | DIG VAULT
  3432 | D:11     | Learned a level 3 spell: Regeneration
  3583 | D:11     | Reached skill level 12 in Long Blades
  3585 | D:11     | Noticed Snorg
  3606 | D:11     | Killed Snorg
  3606 | D:11     | Reached skill level 1 in Necromancy
  3692 | D:11     | Noticed a cyan ugly thing
  3739 | D:11     | Noticed Erolcha
  3871 | D:12     | Noticed a deep elf mage
  3898 | D:12     | Noticed a cyclops
  3903 | D:12     | Killed a deep elf mage
  3920 | D:12     | Killed a cyclops
  3952 | D:12     | Noticed a cyclops
  3971 | D:12     | Killed a cyclops
  3971 | D:12     | Reached XP level 11. HP: 66/101 MP: 13/13
  4253 | D:12     | Killed an unseen horror
  4450 | D:12     | Noticed a skeletal warrior
  4451 | D:12     | Noticed a skeletal warrior
  4451 | D:12     | Noticed a skeletal warrior
  4486 | D:12     | Noticed a tengu warrior
  4721 | Lair:1   | Noticed Harold
  4752 | Lair:1   | Killed Harold
  4890 | Lair:2   | Reached ** piety under Ashenzari
  4944 | Lair:1   | Noticed Sonja
  4995 | Lair:1   | Gained mutation: You are partially covered in yellow scales. (AC +2) [potion of mutation]
  4995 | Lair:1   | Gained mutation: Your flesh is heat resistant. (rF+) [potion of mutation]
  5064 | Lair:1   | HP: 4/101 [poisoned by Sonja (curare-tipped needle)]
  5066 | Lair:1   | HP: 1/101 [poisoned by Sonja (curare-tipped needle)]
  5068 | Lair:1   | Succumbed to Sonja's curare-tipped needle

Vault maps used:
D:1:      minmay_arrival_four_circles, minmay_hedge_maze, supply_closet_lemuel
D:2:      kiku_gazebo_garden_becter, grunt_pakellas_sulfur
D:3:      nicolae_ru_path_of_blood
D:4:      lightli_ossuary_entry_decrepit_ruins, kennysheep_windowed_goal
D:5:      first_bread, grunt_tough_drop
D:6:      hangedman_cross_stitches
D:7:      basic_altar, serial_shops, shop, the_bakery, kennysheep_big_empty_room
D:8:      serial_shops, shop_statue, nrook_mini_vaults,
          kennysheep_decorative_pillar, led_sif_pool, uniq_gastronok
D:10:     minmay_chopped_fan, lair_0_dummy
D:11:     uniq_snorg, uniq_erolcha
D:12:     david_orc_4, serial_column_ruins, column_ruins_columns_T,
          column_ruins_grid_1, column_ruins_corridor_straight,
          column_ruins_grid_1
Temple:   nicolae_temple_the_god_donut
Lair:1:   kennysheep_rathole, beast_lair_carwin_5, uniq_sonja, uniq_harold
Lair:2:   shoals_dummy_entry, minmay_snake_entry_guardpost_medium,
          grunt_megastairs_5
Ossuary:  ossuary_tomb_1

Skill      XL: |  1  2  3  4  5  6  7  8  9 10 11 |
---------------+----------------------------------+-----
Long Blades    | 4 5 6 7 8 10 11 12 | 12.9
Fighting       | 3 4 5 7 10 | 10.4
Armour         | 2 3 5 6 7 8 |  8.1
Dodging        | 4 7 8 9 |  9.3
Spellcasting   | 2 3 |  3.2
Necromancy     | 2 3 |  3.2
Throwing       | |  1.1
Translocations | |  2.2

Action                   |  1- 3 |  4- 6 |  7- 9 | 10-12 || total
-------------------------+-------+-------+-------+-------++-------
Melee: Falchion          |    79 |   191 |   312 |       ||   582
       Headbutt          |    13 |    36 |    65 |    63 ||   177
       Scimitar          |       |       |    39 |   359 ||   398
Throw: Tomahawk          |       |       |       |     1 ||     1
Invok: Curse Item        |       |       |     1 |       ||     1
Evoke: Wand              |       |     1 |    16 |    12 ||    29
  Use: Potion            |     2 |       |     4 |     6 ||    12
       Scroll            |       |       |    20 |     6 ||    26
 Stab: Invisible         |       |       |       |     3 ||     3
       Distracted        |       |       |       |     1 ||     1
  Eat: Chunk             |       |       |     8 |     3 ||    11
       Pizza             |       |       |     2 |       ||     2
       Beef jerky        |       |       |     2 |       ||     2
Armor: Leather armour    |     5 |       |       |       ||     5
       Ring mail         |    17 |    56 |    82 |    13 ||   168
       Skin              |       |       |    10 |       ||    10
       Fire dragon armou |       |       |       |    58 ||    58
Dodge: Dodged            |    49 |    88 |   146 |   223 ||   506
